 Dungeon Crawl Stone Soup version 0.27-a0-1308-gc08437e (webtiles) character file.

Game seed: 1234784712446588462

284 HDogLeCool the Slasher (level 6, -2/48 HPs)
             Began as a Demonspawn Gladiator on June 18, 2021.
             Slain by Duvessa (6 damage)
             ... on level 4 of the Dungeon.
             The game lasted 00:12:31 (6106 turns).

HDogLeCool the Slasher (Demonspawn Gladiator)       Turns: 6106, Time: 00:12:31

Health: -2/48      AC:  7    Str: 16    XL:     6   Next: 7%
Magic:  6/6        EV: 17    Int:  9    God:
Gold:   193        SH:  0    Dex: 15    Spells: 5/5 levels left

rFire    . . .     SeeInvis .   x - +1 dagger (venom)
rCold    . . .     Faith    .   (no shield)
rNeg     . . .     Spirit   .   r - +0 ring mail
rPois    .         Reflect  .   p - +0 helmet
rElec    .         Harm     .   (no cloak)
rCorr    .         Rampage  .   (no gloves)
Will     .....                  (no boots)
Stlth    +.........             (no amulet)
HPRegen  0.16/turn              (no ring)
MPRegen  0.10/turn              (no ring)

@: agile
A: talons 1, rugged brown scales 1, demonic guardian 1, powered by pain 1
a: no special abilities


You were on level 4 of the Dungeon.
You visited 1 branch of the dungeon, and saw 4 of its levels.

You collected 193 gold pieces.

Inventory:

Hand Weapons
 a - a +0 long sword
 h - a +0 dagger of speed
 x - a +1 dagger of venom (weapon)
Missiles
 d - a throwing net (quivered)
Armour
 b - a +0 leather armour
 p - a +0 helmet (worn)
 r - a +0 ring mail (worn)
 v - a +0 chain mail
 y - a +1 robe of resistance
Scrolls
 c - 2 scrolls of identify {unknown}
 e - a scroll of torment {unknown}
 f - 2 scrolls of fog {unknown}
 g - 3 scrolls of enchant weapon {unknown}
 j - 3 scrolls of noise {unknown}
 k - a scroll of holy word {unknown}
 l - a scroll of enchant armour {unknown}
 m - a scroll of vulnerability {unknown}
 n - 3 scrolls of amnesia {unknown}
 o - a scroll of teleportation {unknown}
 q - a scroll of fear {unknown}
 s - a scroll of silence {unknown}
 t - a scroll of summoning {unknown}
 w - a scroll of immolation {unknown}
 z - a scroll of blinking {unknown}
Potions
 i - 2 potions of lignification {unknown}
 u - 3 potions of curing {unknown}


   Skills:
 + Level 3.4 Fighting
 * Level 4.4 Long Blades
 - Level 3.0 Throwing
 + Level 3.6 Dodging


You had 5 spell levels left.
You didn't know any spells.
Your spell library was empty.

Dungeon Overview and Level Annotations

Branches:
Dungeon (4/15)             Temple (0/1) D:4

Altars:
Ashenzari
Trog

Shops:
D:1 *   D:4 *

Annotations:
D:4 Duvessa


Innate Abilities, Weirdness & Mutations

You have sharp toenails.
You are partially covered in rugged brown scales. (AC +1, +3% HP)
A weak demonic guardian rushes to your aid.
You sometimes gain a little power by taking damage.


Message History

Things that are here:
a +0 flail; 9 poisoned darts; a +0 scale mail You now have 178 gold pieces (gained 9).
You now have 193 gold pieces (gained 15).
Done exploring.
Done exploring.
Done exploring.
Level map cleared.
Duvessa is nearby!
Duvessa shouts!
Duvessa goes berserk!
You hit Duvessa.
Duvessa is lightly wounded.
Duvessa barely misses you.
You hit Duvessa but do no damage.
Duvessa is poisoned.
You claw Duvessa, but do no damage.
Duvessa is lightly wounded.
Duvessa hits you with a +0 short sword.
You hit Duvessa but do no damage.
Duvessa looks even sicker.
You claw Duvessa, but do no damage.
Duvessa is lightly wounded.
Duvessa closely misses you.
You closely miss Duvessa.
Duvessa is lightly wounded.
Duvessa misses you. Duvessa hits you with a +0 short sword!
You closely miss Duvessa. You claw Duvessa.
Duvessa is lightly wounded.
Duvessa misses you. Duvessa hits you with a +0 short sword.
Duvessa barely misses you. Duvessa hits you with a +0 short sword!
* * * LOW HITPOINT WARNING * * *
A demonic guardian appears!
You focus on the pain.
You feel agile all of a sudden.
Duvessa rages.
Duvessa hits you with a +0 short sword.
* * * LOW HITPOINT WARNING * * *
Your shadow imp hits Duvessa but does no damage.
Duvessa hits you with a +0 short sword.
You die...

###.#..##*,....* #....#..#**..##*
##......###...###
***###......##.......#
****,*#.......##........#
**,,*,*#...##............#*
**,,,,,...###..###......##.#***
*,,,,,,.##* #...#.#...≈≈≈#..,,*
**,,,,,,,* ###@e.#...≈≈≈≈..,,*
,*,,,,,,,******#.>5....≈≈≈≈≈.,,*
,,,,,,**,,*,*.###......≈≈≈≈≈.,,**
,*,,,,,,,,,,,.......#...≈≈≈≈≈,,,*
,,,,,,,,,,,,..##.#.##...≈≈≈≈≈,,**
,,,,,,,,,,**,..._..#.....≈≈≈≈≈***
,,,,,,,,,,,,,..#.#....#.#≈≈≈≈≈,,,
≈≈,,,,,,,,,,..#.......#...≈≈≈≈,,,
≈≈≈,,*,,,,,,.#####...##.##≈≈≈≈≈,,


You could see Duvessa (berserk, poisoned, ally target) and a friendly shadow imp
(summoned).

Vanquished Creatures
  Dowan (D:4)
  An orc priest (D:4)
  Terence (D:3)
  A hound skeleton (D:4)
  3 adders
  An adder skeleton (D:4)
  2 worms
  A dart slug (D:4)
  3 orcs (D:4)
  12 ball pythons
  3 bats
  7 endoplasms
  A giant cockroach (D:4)
  9 goblins
  3 hobgoblins
  7 jackals
  3 quokkas
  2 frilled lizards
  5 kobolds
  6 rats
72 creatures vanquished.

Vanquished Creatures (collateral kills)
  A phantom (D:3)
  A quokka (D:4)
2 creatures vanquished.

Grand Total: 74 creatures vanquished

Notes
Turn   | Place    | Note
-------+----------+-------------------------------------------
     0 | D:1      | HDogLeCool the Demonspawn Gladiator began the quest for the
                  | Orb.
     0 | D:1      | Reached XP level 1. HP: 16/16 MP: 1/1
   427 | D:1      | Gained mutation: A weak demonic guardian rushes to your
                  | aid. [demonic ancestry]
   427 | D:1      | Reached XP level 2. HP: 22/22 MP: 2/2
   541 | D:1      | Reached skill level 3 in Long Blades
   785 | D:1      | Found Poostiag's Assorted Antiques.
  1576 | D:2      | Reached XP level 3. HP: 21/28 MP: 3/3
  1971 | D:2      | Found a faded altar of an unknown god.
  2315 | D:2      | Found a broken altar of Ashenzari.
  2939 | D:3      | Gained mutation: You have sharp toenails. [demonic
                  | ancestry]
  2939 | D:3      | Reached XP level 4. HP: 34/34 MP: 4/4
  2976 | D:3      | Noticed Terence
  2997 | D:3      | Killed Terence
  3595 | D:4      | Found Yheubudgh's Assorted Antiques.
  3626 | D:4      | Noticed a phantom
  3632 | D:4      | Noticed Duvessa
  3803 | D:4      | Found a bloodstained altar of Trog.
  3915 | D:4      | Found a staircase to the Ecumenical Temple.
  3952 | D:4      | Noticed Dowan
  4473 | D:4      | Gained mutation: You are partially covered in rugged brown
                  | scales. (AC +1, +3% HP) [demonic ancestry]
  4473 | D:4      | Reached XP level 5. HP: 25/41 MP: 5/5
  5088 | D:3      | Killed a phantom
  5089 | D:3      | Reached skill level 4 in Long Blades
  5736 | D:4      | Killed Dowan
  5737 | D:4      | Gained mutation: You sometimes gain a little power by
                  | taking damage. [demonic ancestry]
  5737 | D:4      | Reached XP level 6. HP: 45/48 MP: 6/6
  5806 | D:4      | Found a broken altar of Ashenzari.
  6079 | D:4      | Found a bloodstained altar of Trog.
  6106 | D:4      | Slain by Duvessa

Illustrated notes

Levels and vault maps discovered:
D:1:      elethiomel_arrival_quiet, layout_basic, serial_shops,
          nicolae_diamond_shop, hangedman_decor_points
D:2:      wad_lake_hut, layout_basic, basic_altar,
          dilly_ecumenical_altar_fadedgnrine, minmay_misc_feat_four_crosses,
          minmay_shallow_snake_nest
D:3:      layout_basic, uniq_terence
D:4:      wander_river, layout_cave_pools, nicolae_overflow_hidden_temple,
          lemuel_crystal_altar, temple_pool_b, serial_shops, shop_statue,
          uniq_duvessa

Skill      XL: |  1  2  3  4  5 |
---------------+----------------+-----
Throwing       | 2 3 |  3.0
Long Blades    | 3 4 |  4.4
Dodging        | 3 |  3.6
Fighting       | 3 |  3.4

Action                   |  1- 3 |  4- 6 || total
-------------------------+-------+-------++-------
Melee: Long sword        |   115 |    35 ||   150
       Dagger            |       |    99 ||    99
       Kick              |       |    37 ||    37
Throw: Throwing net      |       |     2 ||     2
 Stab: Sleeping          |     1 |       ||     1
       Held in net/web   |       |     2 ||     2
Armor: Leather armour    |    25 |       ||    25
       Ring mail         |    14 |    32 ||    46
Dodge: Dodged            |    79 |    63 ||   142
       Rpst.: Long sword |    22 |     6 ||    28

Table legend: (Time is in decaauts)
 A = Elapsed time spent in this place.
 B = Non-inter-level travel time spent in this place.
 C = Inter-level travel time spent in this place.
 D = Time resting spent in this place.
 E = Time spent auto-exploring this place.
 F = Levels seen in this place.
 G = Mean time per level.
                   A        B        C        D        E       F      G
               +--------+--------+--------+--------+--------+-----+--------+
         Total |   6189 |   5731 |    458 |   1557 |   3147 |   4 | 1547.2 |
       Dungeon |   6189 |   5731 |    458 |   1557 |   3147 |   4 | 1547.2 |
               +--------+--------+--------+--------+--------+-----+--------+

Top non-repeatable levels by time:
     D:3: 2142 daAuts
     D:2: 1540 daAuts
     D:1: 1425 daAuts
     D:4: 1081 daAuts
